AoeStats
← THL

Nomad

507201319Analyzed
4v4 RM · 15d ago on Sep 17, 2026· 38m 40s· 8 players
Game mode
Random Map
Map size
231×231
Population
200
Speed
Normal
Resources
Standard
Victory
Conquest
Starting age
Dark Age
Ending age
Imperial Age
RankedLock teamsTeams togetherTeam positionsShared explorationLock speedFull tech treeHidden civsTurbo modeCheats
Victory
Defeat
🇺🇸 Koreans · United States
1592
+11
🇨🇳 Tatars · China
1581
+11
🇻🇳 Chinese · Vietnam
1553
+12
🇮🇳 Magyars · India
1528
+13
🇺🇾 Maya · Uruguay
1596
-16
🇺🇾 Khitans · Uruguay
1587
-16
🇺🇾 Aztecs · Uruguay
1375
-8
🇺🇾 Vikings · Uruguay
1317
-7
DS_SayGG
12:43 Feudal Age
13:59 Double-Bit Axe
16:43 Castle Age
14:49 Gold Mining
15:55 Fishing Lines
17:08 Loom
17:59 Bow Saw
22:37 Wheelbarrow
22:36 Stone Mining
25:49 Clinker Construction
25:50 Careening
27:21 Fletching
34:08 Imperial Age
33:08 Bodkin Arrow
34:31 Ballistics
34:20 Town Watch
34:57 Bracer
35:59 Chemistry
38:44 Two-Man Saw
38:49 Conscription
THL
3:02 Loom
12:41 Feudal Age
16:54 Castle Age
15:09 Horse Collar
16:01 Double-Bit Axe
18:11 Bow Saw
18:48 Medium Warships
22:31 Fishing Lines
24:36 Horse Collar
25:54 Fletching
26:31 Bodkin Arrow
27:11 Bloodlines
27:21 Padded Archer Armor
27:23 Husbandry
27:47 Gold Mining
29:04 Leather Archer Armor
31:07 Ballistics
31:19 Thumb Ring
35:28 Imperial Age
33:56 Wheelbarrow
34:49 Gold Shaft Mining
34:15 Heavy Plow
36:47 Bracer
37:48 Chemistry
38:19 Ring Archer Armor
kerwin
5:16 Loom
13:40 Feudal Age
14:09 Double-Bit Axe
22:30 Castle Age
23:31 Medium Warships
23:57 Crossbowman
24:57 Bow Saw
29:31 Town Watch
31:33 Fletching
35:04 Fishing Lines
36:20 Bodkin Arrow
38:34 Ballistics
38:56 Careening
38:56 Horse Collar
小白
4:31 Loom
14:07 Feudal Age
17:40 Castle Age
16:11 Double-Bit Axe
18:55 Scale Barding Armor
20:09 Chain Barding Armor
34:27 Husbandry
35:27 Bloodlines
36:11 Bow Saw
37:17 Forging
|FMG| twitch/JabsUY
4:23 Loom
9:31 Loom
12:30 Feudal Age
18:04 Castle Age
16:23 Fletching
19:22 Bodkin Arrow
18:52 Crossbowman
30:07 Double-Bit Axe
36:39 Padded Archer Armor
|FMG| Nadie
6:51 Loom
13:19 Feudal Age
17:10 Castle Age
15:11 Fletching
16:15 Padded Archer Armor
18:07 Bodkin Arrow
21:48 Wheelbarrow
20:58 Town Watch
21:32 Fishing Lines
23:52 Ballistics
23:43 Double-Bit Axe
25:40 Domestication
26:44 Masonry
27:32 Bow Saw
33:04 Scale Mail Armor
35:13 Forging
35:38 Gold Mining
36:59 Chain Mail Armor
37:19 Iron Casting
37:27 Lamellar Armor
37:47 Husbandry
38:05 Pastoralism
DavidTG
9:23 Loom
15:06 Feudal Age
18:58 Castle Age
17:17 Stone Mining
17:20 Gold Mining
17:54 Scale Mail Armor
19:02 Eagle Warrior
20:50 Chain Mail Armor
21:51 Squires
26:41 Forging
27:35 Arson
29:27 Iron Casting
38:38 Imperial Age
Gral_Artigas
5:03 Loom
14:47 Feudal Age
15:33 Double-Bit Axe
16:47 Fletching
19:21 Town Watch
22:47 Castle Age
23:27 Horse Collar
24:02 Medium Warships
23:48 Bodkin Arrow
35:54 Imperial Age
35:15 Bow Saw
Connection lost

Rejoining the realm…

Still unreachable

The connection could not be restored.

Session expired

The server has moved on; the page needs a fresh start.